 Dungeon Crawl Stone Soup version 0.23.2-40-g277498a001 (webtiles) character file.

Game seed: 12349996861765445709

158 Exodus22XD the Shield-Bearer (level 5, -3/49 HPs)
             Began as a Deep Dwarf Fighter on Sept 5, 2019.
             Killed from afar by an orc wizard (4 damage)
             ... with a puff of frost
             ... on level 3 of the Dungeon.
             The game lasted 00:03:40 (1587 turns).

Exodus22XD the Shield-Bearer (Deep Dwarf Fighter)   Turns: 1587, Time: 00:03:40

Health: -3/49      AC: 10    Str: 20    XL:     5   Next: 16%
Magic:  5/5        EV:  5    Int:  9    God:
Gold:   79         SH:  9    Dex: 12    Spells: 4/4 levels left

rFire    . . .     SeeInvis .   a - +0 war axe
rCold    . . .     Gourm    .   c - +0 shield
rNeg     . . .     Faith    .   q - +0 chain mail
rPois    .         Spirit   .   (no helmet)
rElec    .         Reflect  .   (no cloak)
rCorr    .         Harm     .   (no gloves)
MR       .....                  e - +0 pair of boots
Stlth    ..........             (no amulet)
HPRegen  0.00/turn              (no ring)
MPRegen  0.09/turn              (no ring)

@: non-regenerating
A: damage resistance, heal wounds, sense surroundings 1, no regeneration
a: Heal Wounds


You were on level 3 of the Dungeon.
You were hungry.

You visited 1 branch of the dungeon, and saw 3 of its levels.

You collected 79 gold pieces.

Inventory:

Hand Weapons
 a - a +0 war axe (weapon)
Armour
 c - a +0 shield (worn)
 e - a +0 pair of boots (worn)
 q - a +0 chain mail (worn)
Scrolls
 g - a scroll of noise {unknown}
 h - 4 scrolls of identify {unknown}
 j - 3 scrolls of teleportation {unknown}
 k - a scroll of remove curse {unknown}
 m - a scroll of amnesia {unknown}
 o - a scroll of immolation {unknown}
Potions
 d - 2 potions of might
 i - a potion of curing {unknown}
 l - a potion of flight {unknown}
 n - a potion of brilliance {unknown}
Comestibles
 f - 6 rations
 p - 3 chunks of flesh


   Skills:
 + Level 3.3 Fighting
 + Level 3.7 Axes
 + Level 4.0 Armour
 + Level 0.8 Dodging
 + Level 4.3 Shields


You had 4 spell levels left.
You didn't know any spells.
Your spell library was empty.

Dungeon Overview and Level Annotations

Branches:
Dungeon (3/15)

Altars:
Ashenzari
Hepliaklqana
Qazlal
Ru
Trog


Innate Abilities, Weirdness & Mutations

You are resistant to damage.
You can heal yourself by infusing magical energy.
You passively map a small area around you.
You do not regenerate.


Message History

You block the orc wizard's attack.
The orc priest hits you from afar with a +0 trident.
* * * LOW HITPOINT WARNING * * *
The orc wizard hits you but does no damage.
You hit the orc wizard but do no damage.
The orc wizard is heavily wounded.
The orc wizard barely misses you. You block the orc priest's attack.
The orc wizard miscasts a cantrip.
You closely miss the orc wizard.
The orc wizard is heavily wounded.
The orc wizard hits you with a +0 dagger.
The orc priest calls down the wrath of Beogh upon you.
Beogh smites you!
* * * LOW HITPOINT WARNING * * *
The orc wizard hits you but does no damage.
You hit the orc wizard.
The orc wizard is severely wounded.
The orc wizard points at you and mumbles some strange words.
The puff of frost hits you.
You die...

* ....# ## , , ....###..# , , , *
,* ###.#...... * #.........###
*#, #............ , * #.,*,
#.....##..... ,
#.#####...o...$.... .. ,
##.........))o..#...*#.
.#...........@#....#.##. *
......#............#..#.* ##
................##...... ,.#
................# #.....##.###
.......#...#....# #...(.#...#
......###....#.#####.#....##.#
..................#...#.....[....
..#......[..).(..................
....##...####.#..............)...


You could see an orc priest and an orc wizard.

Vanquished Creatures
  An orc wizard (D:2)
  Jessica (D:3)
  4 adders
  2 oozes
  A worm (D:2)
  3 dart slugs
  2 orcs (D:3)
  5 bats
  4 giant cockroaches
  3 goblins
  2 hobgoblins
  5 jackals
  A quokka (D:2)
  3 frilled lizards
  8 kobolds
  7 rats
52 creatures vanquished.

Notes
Turn   | Place    | Note
-------+----------+-------------------------------------------
     0 | D:1      | Exodus22XD the Deep Dwarf Fighter began the quest for the
                  | Orb.
     0 | D:1      | Reached XP level 1. HP: 20/20 MP: 1/1
   180 | D:1      | Reached XP level 2. HP: 24/27 MP: 2/2
   644 | D:2      | Reached XP level 3. HP: 29/34 MP: 3/3
   694 | D:2      | Found a stormy altar of Qazlal.
   695 | D:2      | Found a bloodstained altar of Trog.
   706 | D:2      | Found a hazy altar of Hepliaklqana.
   784 | D:2      | Found a sacrificial altar of Ru.
   796 | D:2      | Reached XP level 4. HP: 32/42 MP: 4/4
   953 | D:2      | Found a shattered altar of Ashenzari.
  1382 | D:3      | Noticed Jessica
  1388 | D:3      | Killed Jessica
  1515 | D:3      | Reached XP level 5. HP: 21/49 MP: 5/5
  1586 | D:3      | HP: 1/49 [orc priest/divine providence (10)]
  1587 | D:3      | Killed from afar by an orc wizard

Skill      XL: |  1  2  3  4 |
---------------+-------------+-----
Fighting       | 3 |  3.3
Axes           | 3 |  3.7
Shields        | 4 |  4.3
Armour         | 4 |  4.0
Dodging        | |  0.8

Action                   |  1- 3 |  4- 6 || total
-------------------------+-------+-------++-------
Melee: War axe           |    78 |    77 ||   155
 Abil: Heal Wounds       |       |     1 ||     1
  Eat: Chunk             |       |     2 ||     2
Armor: Scale mail        |    43 |    34 ||    77
       Chain mail        |       |    33 ||    33
Dodge: Dodged            |    33 |    28 ||    61
Block: Shield            |    47 |    59 ||   106
